 Dungeon Crawl Stone Soup version 0.28-a0-21-gf74fda84f9 (webtiles) character file.

Game seed: 2998273307854881823

9330 Sweetruy1997 the Slicer (level 11, -3/91 HPs)
             Began as a Hill Orc Monk on July 24, 2021.
             Was a Priest of Beogh.
             Slain by a freezing wraith (9 damage)
             ... on level 11 of the Dungeon on July 26, 2021.
             The game lasted 00:57:10 (19039 turns).

Sweetruy1997 the Slicer (Hill Orc Monk)            Turns: 19039, Time: 00:57:10

Health: -3/91      AC: 14    Str: 17    XL:     11   Next: 44%
Magic:  14/17      EV: 14    Int: 10    God:    Beogh [***...]
Gold:   37         SH:  6    Dex: 14    Spells: 1/18 levels left

rFire   + . .      SeeInvis +   c - +5 dagger (venom)
rCold   + . .      Faith    .   d - +1 buckler
rNeg    . . .      Spirit   .   N - +5 robe of Night {Dark Will+ SInv}
rPois   +          Reflect  .   b - +2 helmet {SInv}
rElec   +          Harm     .   f - +0 cloak
rCorr   +          Rampage  .   a - +1 pair of gloves
Will    +....                   n - +0 pair of boots
Stlth   ++........              j - amulet of the acrobat
HPRegen 0.25/turn               k - ring of resist corrosion
MPRegen 0.15/turn               (no ring)

@: mighty, resistant
A: no striking features
a: Renounce Religion, Smiting


You were on level 11 of the Dungeon.
You worshipped Beogh.
Beogh was most pleased with you.
You visited 2 branches of the dungeon, and saw 12 of its levels.

You collected 598 gold pieces.
You spent 561 gold pieces at shops.

Inventory:

Hand Weapons
 c - a +5 dagger of venom (weapon)
Missiles
 l - 8 boomerangs (quivered)
Armour
 a - a +1 pair of gloves (worn)
 b - a +2 helmet of see invisible (worn)
 d - a +1 buckler (worn)
 f - a +0 cloak (worn)
 n - a +0 pair of boots (worn)
 A - a +2 tower shield of protection
 J - the +1 scale mail of Zylan {rC+ MP+9}
   (You found it on level 10 of the Dungeon)

   rC:        It protects you from cold.
   MP:        It affects your magic capacity (+9).
 N - the +5 robe of Night (worn) {Dark Will+ SInv}
   (You found it on level 10 of the Dungeon)

   It shrouds the wearer in darkness, reducing the range at which they can see
   and be seen by others.
   SInv:      It lets you see invisible.
   Will:      It increases your willpower.
Jewellery
 j - an amulet of the acrobat (around neck)
 k - a ring of resist corrosion (left hand)
 F - an amulet of magic regeneration
Wands
 o - a wand of paralysis (4)
 s - a wand of digging (6)
 v - a wand of acid (2)
 x - a wand of iceblast (7)
 z - a wand of mindburst (3)
Scrolls
 e - 10 scrolls of teleportation
 m - 2 scrolls of silence
 q - a scroll of summoning {unknown}
 t - 3 scrolls of magic mapping
 u - a scroll of amnesia
 y - a scroll of holy word {unknown}
 C - 2 scrolls of blinking
 D - a scroll of torment {unknown}
 E - a scroll of fear
 G - a scroll of fog {unknown}
 L - a scroll of brand weapon {unknown}
Potions
 g - 2 potions of curing
 h - a potion of haste
 i - 2 potions of invisibility
 p - a potion of resistance
 w - a potion of might
 B - a potion of flight {unknown}
 H - a potion of attraction {unknown}
 I - a potion of heal wounds {unknown}
 K - a potion of mutation {unknown}
 M - a potion of experience {unknown}


   Skills:
 + Level 6.9 Fighting
 + Level 9.2 Short Blades
 - Level 4.4 Axes
 - Level 4.0 Throwing
 + Level 2.4 Armour
 + Level 6.1 Dodging
 - Level 3.0 Stealth
 - Level 5.0 Shields
 + Level 4.4 Spellcasting
 + Level 4.3 Hexes
 + Level 3.1 Summonings
 + Level 1.5 Translocations
 + Level 0.5 Transmutations
 + Level 2.6 Ice Magic
 + Level 0.7 Air Magic
 + Level 1.4 Poison Magic
 + Level 0.6 Invocations
 + Level 1.0 Evocations


You had one spell level left.
You knew the following spells:

 Your Spells              Type           Power      Damage    Failure   Level
a - Apportation           Tloc           10%        N/A       13%         1
b - Ensorcelled Hibernat  Hex/Ice        18%        N/A       9%          2
c - Summon Guardian Gole  Hex/Summ       9%         N/A       16%         3
d - Spider Form           Tmut/Pois      2%         N/A       45%         3
e - Passwall              Tmut/Erth      1%         N/A       32%         2
f - Swiftness             Air            3%         N/A       50%         3
g - Magic Dart            Conj           8%         1d3       24%         1
h - Searing Ray           Conj           4%         3d3       36%         2

Your spell library contained the following spells:

 Spells                   Type           Power      Damage    Failure   Level
 Fulminant Prism          Conj/Hex       3%         3d6       69%         4
 Ice Form                 Ice/Tmut       5%         N/A       77%         4
 Hailstorm                Conj/Ice       4%         3d4       80%         4
 Invisibility             Hex            5%         N/A       99%         6
 Shadow Creatures         Summ           N/A        N/A       100%        6
 Simulacrum               Ice/Necr       2%         N/A       100%        6
 Orb of Destruction       Conj           1%         N/A       100%        7
 Spellforged Servitor     Conj/Summ      2%         N/A       100%        7


Dungeon Overview and Level Annotations

Branches:
Dungeon (11/15)            Temple (1/1) D:6            Lair (0/6) D:11
    Orc: D:9-12

Altars:
Ashenzari
Cheibriados
Dithmenos
Elyvilon
Fedhas
Gozag
Hepliaklqana
Kikubaaqudgha
Makhleb
Nemelex Xobeh
Okawaru
Qazlal
Ru
Sif Muna
Trog
Uskayaw
Vehumet
Wu Jian
Xom
Yredelemnul
Zin
The Shining One

Shops:
D:5 ?   D:7 :   D:8 (=   D:9 *!:*


Message History

You hit the freezing wraith.
The freezing wraith is lightly damaged.
The freezing wraith barely misses you.
The freezing wraith hits you but does no damage.
You hit the freezing wraith.
The freezing wraith is lightly damaged.
You hit the freezing wraith.
The freezing wraith is moderately damaged.
The freezing wraith hits you but does no damage.
The freezing wraith barely misses you.
You hit the freezing wraith but do no damage.
The freezing wraith is moderately damaged.
You hit the freezing wraith.
The freezing wraith is moderately damaged.
The freezing wraith barely misses you. You block the freezing wraith's attack.
You barely miss the freezing wraith.
The freezing wraith is moderately damaged.
The freezing wraith hits you but does no damage. x2
You hit the freezing wraith but do no damage.
The freezing wraith is moderately damaged.
You hit the freezing wraith.
The freezing wraith is moderately damaged.
The freezing wraith hits you!
* * * LOW HITPOINT WARNING * * *
The freezing wraith freezes you. You resist.
* * * LOW HITPOINT WARNING * * *
The freezing wraith closely misses you.
You feel better. The freezing wraith barely misses you.
The freezing wraith hits you but does no damage.
It was a potion of might.
You feel very mighty all of a sudden. The freezing wraith closely misses you.
You block the freezing wraith's attack.
You hit the freezing wraith but do no damage.
The freezing wraith is moderately damaged.
You hit the freezing wraith but do no damage.
The freezing wraith is moderately damaged.
The freezing wraith hits you!
* * * LOW HITPOINT WARNING * * *
The freezing wraith freezes you! You resist.
You die...

#....o..........####
#....###.>..........
####..^.#
#..##########
........#
#..o.o.o.....
......o.#
##......ooooo
.....[####
############
.....#.#)##
.(...##o#.#
.....#@#)#
.....##W#o# #####
##.#†# #.#.# #.#.#
#.#.


You could see a freezing wraith (ally target) and a friendly orc wizard.

Vanquished Creatures
  A centaur warrior (D:10)
  Pikel (D:8)
  A manticore (D:11)
  An unseen horror (D:10)
  A komodo dragon (D:11)
  A dream sheep (D:10)
  Sigmund (D:5)
  A shadow (D:9)
  A wyvern (D:9)
  A yak (D:11)
  3 steam dragons
  2 vampire mosquitoes
  Duvessa (D:6)
  2 water moccasins
  2 sky beasts
  2 ice beasts (D:7)
  A necrophage (D:4)
  An ogre (D:5)
  5 centaurs
  3 lemures (D:7)
  A phantom (D:4)
  A nameless horror (D:6)
  3 bullfrogs
  A kobold brigand (D:6)
  Dowan (D:6)
  3 scorpions
  A water moccasin zombie (D:5)
  A water moccasin skeleton (D:6)
  7 killer bees
  3 wights (D:7)
  5 howler monkeys
  3 centaur zombies
  2 jellies
  A hound (D:5)
  2 gnoll shamans (D:7)
  An orc priest (D:9)
  A centaur skeleton (D:7)
  3 iguanas
  4 orc wizards
  A hound zombie (D:5)
  A hound skeleton (D:3)
  4 howler monkey zombies
  Robin (D:1)
  12 gnolls
  5 adders
  2 white imps (D:5)
  An adder skeleton (D:4)
  4 worms
  2 dart slugs
  8 orcs
  11 ball pythons
  7 endoplasms
  5 giant cockroaches
  20 goblins
  10 hobgoblins
  9 jackals
  4 quokkas
  6 bats
  2 frilled lizards
  13 kobolds
  7 rats
211 creatures vanquished.

Vanquished Creatures (collateral kills)
  A two-headed ogre (D:10)
  2 oklob plants (D:11)
  A dream sheep (D:10)
  A slime creature (D:11)
  4 shadows (D:10)
  A wyvern (D:10)
  4 yaks (D:11)
  A vampire mosquito (D:10)
  An orc warrior (D:9)
  A killer bee (D:10)
  A centaur zombie (D:10)
  2 orc priests
  An orc wizard (D:10)
  An orc (D:10)
22 creatures vanquished.

Vanquished Creatures (others)
  2 centaurs
  A gnoll sergeant (D:8)
  A howler monkey (D:7)
  An iguana (D:6)
  3 gnolls
  A white imp (D:7)
  A worm (D:7)
  2 orcs
  2 rats (D:7)
  A fungus (D:1)
  25 plants
40 creatures vanquished.

Grand Total: 273 creatures vanquished

Notes
Turn   | Place    | Note
-------+----------+-------------------------------------------
     0 | D:1      | Sweetruy1997 the Hill Orc Monk began the quest for the Orb.
     0 | D:1      | Reached XP level 1. HP: 19/19 MP: 1/1
   234 | D:1      | Reached XP level 2. HP: 14/27 MP: 2/2
   688 | D:1      | Reached XP level 3. HP: 22/33 MP: 3/3
  1205 | D:1      | Found a faded altar of an unknown god.
  1210 | D:1      | Got Plato's Almanac of Translocation
  1213 | D:1      | Learned a level 1 spell: Apportation
  1620 | D:1      | Reached skill level 1 in Short Blades
  1695 | D:1      | Reached XP level 4. HP: 31/40 MP: 4/4
  1898 | D:2      | Noticed Robin
  1913 | D:1      | Killed Robin
  1914 | D:1      | Reached skill level 1 in Shields
  2541 | D:2      | Reached skill level 2 in Short Blades
  3189 | D:3      | Reached XP level 5. HP: 39/44 MP: 5/5
  4217 | D:3      | Found a shimmering altar of Xom.
  4597 | D:4      | Reached skill level 3 in Short Blades
  4935 | D:4      | Reached skill level 1 in Spellcasting
  4935 | D:4      | Reached skill level 1 in Translocations
  4935 | D:4      | Reached XP level 6. HP: 30/52 MP: 7/7
  5181 | D:4      | Found a hide-covered altar of Uskayaw.
  5276 | D:4      | Found Zin's Purification Station.
  5276 | D:4      | Found a glowing silver altar of Zin.
  5291 | D:4      | Learned a level 2 spell: Ensorcelled Hibernation
  5390 | D:4      | Bought a potion of curing for 90 gold pieces
  5432 | D:4      | Reached skill level 1 in Armour
  5501 | D:4      | Noticed a necrophage
  5531 | D:4      | Killed a necrophage
  5532 | D:4      | Reached skill level 4 in Short Blades
  5532 | D:4      | Reached XP level 7. HP: 49/59 MP: 9/9
  5988 | D:5      | Entered Level 5 of the Dungeon
  6020 | D:5      | Learned a level 3 spell: Summon Guardian Golem
  6268 | D:5      | Found Exaamu's Magic Scroll Boutique.
  6287 | D:5      | Reached skill level 1 in Throwing
  6664 | D:5      | Bought a scroll of identify for 22 gold pieces
  6664 | D:5      | Bought a scroll of identify for 22 gold pieces
  6664 | D:5      | Bought a scroll of identify for 22 gold pieces
  6664 | D:5      | Bought a scroll of noise for 11 gold pieces
  6671 | D:5      | Found a shadowy altar of Dithmenos.
  6731 | D:5      | Reached skill level 1 in Hexes
  6911 | D:5      | Reached skill level 5 in Short Blades
  7005 | D:5      | Noticed Sigmund
  7017 | D:5      | Killed Sigmund
  7018 | D:5      | Reached skill level 1 in Ice Magic
  7018 | D:5      | Reached XP level 8. HP: 63/66 MP: 7/10
  7552 | D:6      | Found a staircase to the Ecumenical Temple.
  7561 | Temple   | Entered the Ecumenical Temple
  7890 | D:6      | Found a large runed translucent door.
  7891 | D:6      | Found a large runed translucent door.
  8107 | D:6      | Reached skill level 6 in Short Blades
  8523 | D:6      | Noticed Duvessa
  8524 | D:6      | Noticed Dowan
  8535 | D:6      | Killed Duvessa
  8536 | D:6      | Reached skill level 1 in Evocations
  8536 | D:6      | Reached XP level 9. HP: 46/71 MP: 2/13
  8555 | D:6      | Killed Dowan
  8837 | D:6      | Learned a level 3 spell: Spider Form
  9059 | D:6      | Became a worshipper of Beogh the Brigand
  9059 | D:6      | Reached * piety under Beogh
  9059 | D:6      | Reached ** piety under Beogh
  9309 | D:5      | Bought a scroll of amnesia for 38 gold pieces
  9556 | D:6      | Found a white marble altar of Elyvilon.
  9561 | D:6      | Reached skill level 1 in Summonings
  9577 | D:6      | Found a snail-covered altar of Cheibriados.
  9620 | D:7      | Found a radiant altar of Vehumet.
  9965 | D:7      | Found a sacrificial altar of Ru.
 10246 | D:7      | Found Muzuhi's Book Shop.
 10917 | D:7      | Noticed a moth of wrath
 10921 | D:7      | Found a bloodstained altar of Trog.
 10980 | D:7      | Reached skill level 7 in Short Blades
 11050 | D:7      | Found a basalt altar of Yredelemnul.
 11206 | D:7      | Reached skill level 1 in Poison Magic
 11497 | D:7      | Found a broken altar of Ashenzari.
 11543 | D:8      | Noticed Pikel
 11603 | D:8      | Killed Pikel
 11604 | D:8      | Reached XP level 10. HP: 24/80 MP: 15/15
 12473 | D:8      | Found Baychewnu's Antique Weapon Emporium.
 12483 | D:8      | Found Uschoag's Jewellery Shop.
 12623 | D:8      | Learned a level 2 spell: Passwall
 12627 | D:8      | Learned a level 3 spell: Swiftness
 13364 | D:9      | Reached *** piety under Beogh
 13768 | D:9      | Found Doanefok's Assorted Antiques.
 13811 | D:9      | Found Rutai's Book Shop.
 13930 | D:5      | Bought a scroll of blinking for 82 gold pieces
 13930 | D:5      | Bought a scroll of fear for 38 gold pieces
 13930 | D:5      | Bought a scroll of magic mapping for 38 gold pieces
 13930 | D:5      | Bought a scroll of teleportation for 33 gold pieces
 14160 | D:9      | Found Qolis's Distillery.
 14402 | D:9      | Found Helec's Assorted Antiques.
 14636 | D:9      | Reached skill level 5 in Fighting
 15209 | D:9      | Bought a fuming emerald potion for 25 gold pieces
 15209 | D:9      | Bought an amethyst potion for 25 gold pieces
 15215 | D:10     | Entered Level 10 of the Dungeon
 15488 | D:10     | Noticed an unseen horror
 15508 | D:10     | Killed an unseen horror
 15641 | D:10     | Noticed a two-headed ogre
 15647 | D:10     | Killed a two-headed ogre
 15648 | D:10     | Reached skill level 5 in Shields
 15760 | D:10     | Identified the +1 scale mail of Zylan {rC+ MP+9}
 15843 | D:10     | Reached skill level 8 in Short Blades
 16152 | D:10     | Found a blossoming altar of Fedhas.
 16152 | D:10     | Found an ancient bone altar of Kikubaaqudgha.
 16691 | D:10     | Reached skill level 5 in Dodging
 16693 | D:10     | Reached XP level 11. HP: 47/89 MP: 17/17
 16702 | D:10     | Found the +5 robe of Night {Dark Will+ SInv}
 17005 | D:10     | Learned a level 1 spell: Magic Dart
 17008 | D:10     | Learned a level 2 spell: Searing Ray
 17010 | D:10     | Noticed a centaur warrior
 17014 | D:10     | Killed a centaur warrior
 17737 | D:11     | Noticed an oklob plant
 17741 | D:11     | Noticed an oklob plant
 17744 | D:11     | Found a staircase to the Lair.
 17755 | D:11     | Killed an oklob plant
 17775 | D:11     | Killed an oklob plant
 18131 | D:5      | Bought a scroll of silence for 82 gold pieces
 18131 | D:5      | Bought a scroll of teleportation for 33 gold pieces
 18848 | D:11     | Reached skill level 9 in Short Blades
 18978 | D:11     | Noticed a manticore
 18983 | D:11     | Killed a manticore
 18993 | D:11     | Gained Blodwig as an ally
 19007 | D:11     | Upgraded the game from 0.28-a0-8-g6e044cfa68 to
                  | 0.28-a0-21-gf74fda84f9
 19035 | D:11     | HP: 4/91 [freezing wraith (6)]
 19039 | D:11     | Slain by a freezing wraith

Illustrated notes

Levels and vault maps discovered:
D:1:      tarquinn_simple_flora_water_e, layout_loops_ring, serial_bayou,
          serial_bayou_pond_e, serial_bayou_pond_e, serial_bayou_lagoon_a,
          serial_bayou_pond_b, shapermc_ecumenical_altar_rom_forum
D:2:      layout_rooms, uniq_robin
D:3:      layout_loops_corners, xom_teletrap_fun, kennysheep_potato
D:4:      layout_gridville, zin_purify, mainiacjoe_overflow_small_starburst,
          minivault_23, minmay_between
D:5:      layout_loops_cross, nicolae_dithmenos_through_a_glass_darkly,
          serial_shops, shop_statue, uniq_sigmund
D:6:      layout_loops_ring, jmf_multi_god_temple2,
          minmay_temple_entry_large_hall, minmay_puff, uniq_duvessa
D:7:      layout_loops_ring, tgw_trog, nicolae_ru_the_path_less_chosen,
          marbit_many_paths, overflow_temple_1_default,
          mainiacjoe_overflow_catwalk, serial_shops, nicolae_stop_n_shop_1,
          st_stairs_5
D:8:      layout_basic, serial_shops, shop, nicolae_take_the_stairs,
          lemuel_flame_loot_1, uniq_pikel
D:9:      layout_basic, serial_shops, nicolae_shop_overgrown_old_shop,
          nicolae_shop_behind_doors, nicolae_shop_crystal, shop, minmay_orc_keep
D:10:     wad_cavern_with_rooms, layout_irregular_city,
          grunt_temple_overflow_growth_and_decay, hellmonk_guarded_unrand_night
D:11:     minmay_imperfect_grid, layout_basic, dpeg_oklobed_lair
Temple:   jpeg_temple_island

Skill      XL: |  1  2  3  4  5  6  7  8  9 10 11 |
---------------+----------------------------------+-----
Fighting       | 4 5 6 |  6.9
Stealth        | 2 3 |  3.0
Dodging        | 3 5 6 |  6.1
Short Blades   | 1 2 3 4 5 6 7 8 9 |  9.2
Shields        | 1 2 3 4 5 |  5.0
Spellcasting   | 1 2 3 4 |  4.4
Translocations | 1 |  1.5
Armour         | 1 2 |  2.4
Throwing       | 2 3 4 |  4.0
Hexes          | 1 2 3 4 |  4.3
Ice Magic      | 1 2 |  2.6
Evocations     | 1 |  1.0
Summonings     | 2 3 |  3.1
Poison Magic   | 1 |  1.4
Axes           | |  4.4
Transmutations | |  0.5
Air Magic      | |  0.7
Invocations    | |  0.6

Action                   |  1- 3 |  4- 6 |  7- 9 | 10-12 || total
-------------------------+-------+-------+-------+-------++-------
Melee: Hand axe          |    37 |       |       |       ||    37
       Dagger            |    94 |   255 |   459 |   401 ||  1209
       Unarmed           |       |       |     6 |     6 ||    12
Throw: Boomerang         |       |     8 |    95 |    44 ||   147
 Cast: Apportation       |       |    15 |     1 |    10 ||    26
       Ensorcelled Hiber |       |       |    15 |     3 ||    18
       Summon Guardian G |       |       |     9 |     5 ||    14
       Spider Form       |       |       |     2 |     1 ||     3
       Swiftness         |       |       |       |     1 ||     1
       Searing Ray       |       |       |       |     2 ||     2
Invok: Convert to Beogh  |       |       |     1 |       ||     1
       Smiting           |       |       |       |     2 ||     2
Evoke: Wand              |       |       |     4 |     4 ||     8
  Use: Scroll            |       |     2 |     5 |     6 ||    13
       Potion            |       |       |     2 |     7 ||     9
 Stab: Sleeping          |     5 |     3 |     6 |     2 ||    16
       Paralysed         |       |       |     1 |       ||     1
       Distracted        |       |       |       |     2 ||     2
Armor: Robe              |    25 |    24 |       |    37 ||    86
       Leather armour    |       |    11 |    33 |       ||    44
       Steam dragon scal |       |       |    56 |    53 ||   109
       Skin              |       |       |     1 |       ||     1
       Scale mail        |       |       |       |     1 ||     1
Dodge: Dodged            |    99 |   101 |   220 |   200 ||   620
Block: Buckler           |    13 |    35 |    71 |    98 ||   217

Table legend: (Time is in decaauts)
 A = Elapsed time spent in this place.
 B = Non-inter-level travel time spent in this place.
 C = Inter-level travel time spent in this place.
 D = Time resting spent in this place.
 E = Time spent auto-exploring this place.
 F = Levels seen in this place.
 G = Mean time per level.
                   A        B        C        D        E       F      G
               +--------+--------+--------+--------+--------+-----+--------+
         Total |  18821 |  17517 |   1304 |   6897 |   7868 |  12 | 1568.4 |
       Dungeon |  18564 |  17276 |   1288 |   6897 |   7628 |  11 | 1687.6 |
        Temple |    257 |    242 |     15 |      0 |    240 |   1 |  257.0 |
               +--------+--------+--------+--------+--------+-----+--------+

Top non-repeatable levels by time:
     D:1: 2262 daAuts
    D:10: 2235 daAuts
     D:6: 2196 daAuts
     D:9: 1979 daAuts
     D:7: 1858 daAuts
     D:8: 1686 daAuts
     D:5: 1642 daAuts
     D:3: 1484 daAuts
     D:4: 1480 daAuts
    D:11: 969 daAuts
     D:2: 769 daAuts
  Temple: 257 daAuts
